 Dungeon Crawl Stone Soup version 0.29.1-15-g9cfb28693d (webtiles) character file.

Game seed: 15439651691162296264

76 hawla the Chiller (level 4, 0/33 HPs)
             Began as a Meteoran Ice Elementalist on Apr 3, 2023.
             Slain by an orc
             ... wielding a +0 club
              (2 damage)
             ... on level 5 of the Dungeon.
             The game lasted 00:03:41 (353 turns).

hawla the Chiller (Meteoran Ice Elementalist)        Turns: 353, Time: 00:03:42

Health: 0/33       AC:  2    Str:  9    XL:     4   Next: 87%
Magic:  0/9        EV: 12    Int: 18    God:
Gold:   78         SH:  0    Dex: 15    Spells: 7/8 levels left

rFire   . . .      SeeInvis .   (no weapon)
rCold   . . .      Faith    .   (no shield)
rNeg    . . .      Spirit   .   a - +0 robe
rPois   .          Reflect  .   (no helmet)
rElec   .          Harm     .   (no cloak)
rCorr   .          Rampage  .   (no gloves)
Will    .....                   (no boots)
Stlth   +.........              (no amulet)
HPRegen 0.11/turn               (no ring)
MPRegen 0.11/turn               (no ring)

@: brilliant, attractive, glowing, invisible (but backlit and visible)
A: sense surroundings 1, otherworldly, glowing, explore regen
a: no special abilities


You were on level 5 of the Dungeon.
You visited 1 branch of the dungeon, and saw 5 of its levels.

You collected 78 gold pieces.

Inventory:

Armour
 a - a +0 robe (worn)
Wands
 f - a wand of mindburst (14) (quivered)
Scrolls
 g - a scroll of teleportation {unknown}
Potions
 b - a potion of magic
 c - 3 potions of attraction
 h - a potion of invisibility


   Skills:
 + Level 0.2 Fighting
 + Level 2.6 Dodging
 - Level 1.4 Stealth
 + Level 2.8 Spellcasting
 + Level 5.2 Ice Magic
 + Level 3.0 Evocations


You had 7 spell levels left.
You knew the following spells:

 Your Spells              Type           Power      Damage    Failure   Level
a - Freeze                Ice            100%       1d11      1%          1

Your spell library contained the following spells:

 Spells                   Type           Power      Damage    Failure   Level
 Frozen Ramparts          Ice            64%        1d10      5%          3
 Ozocubu's Armour         Ice            32%        N/A       5%          3
 Gell's Gravitas          Tloc           3%         N/A       45%         3
 Teleport Other           Tloc           3%         N/A       45%         3
 Hailstorm                Conj/Ice       18%        3d6       50%         4
 Dispersal                Tloc           1%         N/A       100%        6


Dungeon Overview and Level Annotations

Branches:
Dungeon (5/15) Zot: 2647
 Temple: D:4-7

Altars:
Ashenzari

Annotations:
D:4 Dowan, Duvessa


Innate Abilities, Weirdness & Mutations

You passively map a small area around you.
You are easily found by Zot.
You glow in the dark.
You regain HP and MP as you explore.


Message History

Confirm with . or Enter, or press ? or * to list all spells.
Aiming: Freeze (safe; 2% risk of failure)
Press: ? - help, Shift-Dir - straight line You freeze something!
Reactivating autopickup.
You feel a bit more experienced. The orc is attracted toward you.
Your Ice Magic skill increases to level 5!
Unknown command.
It was a potion of brilliance.
You feel clever all of a sudden. The orc is attracted toward you.
Casting: Freeze (safe; 1% risk of failure)
Confirm with . or Enter, or press ? or * to list all spells.
Aiming: Freeze (safe; 1% risk of failure)
Press: ? - help, Shift-Dir - straight line, f - orc
Aim: an orc, wielding a +0 club and wearing a +0 leather armour You feel a surge of power!
You freeze the orc.
The orc is lightly wounded.
The orc hits you with a +0 dagger.
* * * LOW HITPOINT WARNING * * *
The orc barely misses you.
Casting: Freeze (safe; 1% risk of failure)
Confirm with . or Enter, or press ? or * to list all spells.
You don't know that spell.
Unknown command.
It was a potion of invisibility.
You become transparent, but the glow from your body prevents you from becoming completely invisible.
The orc hits you with a +0 dagger.
* * * LOW HITPOINT WARNING * * *
The orc barely misses you.
Unknown command.
Casting: Freeze (safe; 1% risk of failure)
Confirm with . or Enter, or press ? or * to list all spells.
Aiming: Freeze (safe; 1% risk of failure)
Press: ? - help, Shift-Dir - straight line, f/p - orc
Aim: an orc, wielding a +0 club and wearing a +0 leather armour (lightly wounded)
You feel a surge of power!
You freeze the orc.
The orc is moderately wounded.
The orc barely misses you. The orc hits you with a +0 club.
You die...

, * * * , *
** . , , .. ,
, * ... , ,,
...., ,
####..#
##.######oo.#
, , *
#......<.@#*
* * , *
...###..### *
, * #..# ##.#
,,, , *#.# *
, ,, ,,#.#* *
, ... * *,, ,
... * , , * *
,


You could see 2 orcs.

Vanquished Creatures
  A hound (D:5)
  An orc wizard (D:5)
  A bat (D:3)
  5 endoplasms
  2 goblins (D:3)
  A hobgoblin (D:3)
  3 quokkas
  2 ball pythons (D:3)
  3 frilled lizards
  3 rats
22 creatures vanquished.

Notes
Turn   | Place    | Note
-------+----------+-------------------------------------------
     0 | D:1      | hawla the Meteoran Ice Elementalist began the quest for the
                  | Orb.
     0 | D:1      | Reached XP level 1. HP: 14/14 MP: 5/5
   117 | D:2      | Reached XP level 2. HP: 9/20 MP: 4/6
   194 | D:3      | Found a broken altar of Ashenzari.
   236 | D:3      | Reached skill level 1 in Evocations
   253 | D:3      | Reached XP level 3. HP: 17/26 MP: 5/8
   331 | D:4      | Noticed Duvessa
   331 | D:4      | Noticed Dowan
   337 | D:5      | Entered Level 5 of the Dungeon
   347 | D:5      | Reached XP level 4. HP: 23/33 MP: 5/9
   350 | D:5      | Reached skill level 5 in Ice Magic
   353 | D:5      | Slain by an orc

Illustrated notes

Levels and vault maps discovered:
D:1:      lightli_arrival_noodles, layout_loops_ring
D:2:      layout_basic, hellmonk_ecumenical_altar_run_dry, uniq_jessica
D:3:      layout_rooms, tso_metal_star, cheibrodos_ashenzari_chains,
          uniq_grinder, uniq_robin, uniq_terence
D:4:      layout_gridville, uniq_edmund, uniq_sigmund, uniq_duvessa
D:5:      layout_cave_pods, mainiacjoe_overflow_boulevard,
          minmay_temple_entry_glass, minmay_misc_feat_enclosed, fountainhead,
          uniq_prince_ribbit1

Skill      XL: |  1  2  3  4 |
---------------+-------------+-----
Evocations     | 1 3 |  3.0
Ice Magic      | 5 |  5.2
Fighting       | |  0.2
Dodging        | |  2.6
Stealth        | |  1.4
Spellcasting   | |  2.8

Action                   |  1- 3 |  4- 6 || total
-------------------------+-------+-------++-------
Melee: Unarmed           |    27 |       ||    27
       Punch             |     1 |       ||     1
 Cast: Freeze            |    29 |     5 ||    34
  Use: Potion            |     2 |     2 ||     4
Armor: Robe              |    11 |       ||    11
Dodge: Dodged            |    25 |     3 ||    28
